 Dungeon Crawl Stone Soup version 0.19.1 (webtiles) character file.

15498 nikopol the Fighter (level 12, 0/120 HPs)
             Began as a Gargoyle Berserker on Dec 21, 2016.
             Was a High Priest of Trog.
             Slain by a ten-headed hydra (8 damage)
             ... on level 2 of the Lair of Beasts.
             The game lasted 00:48:51 (15129 turns).

nikopol the Fighter (Gargoyle Berserker)           Turns: 15129, Time: 00:48:52

Health: 0/120      AC: 22    Str: 27    XL:     12   Next: 27%
Magic:  12/12      EV: 15    Int:  8    God:    Trog [*****.]
Gold:   795        SH:  0    Dex: 13    Spells: 0 memorised, 11 levels left

rFire  . . .     SeeInvis .     a - +0 war axe
rCold  . . .     Gourm    .     H - +0 scale mail
rNeg   + + .     Faith    .     (no shield)
rPois  ∞         Spirit   .     (no helmet)
rElec  +         Reflect  .     t - +0 cloak
rCorr  .         Harm     .     (no gloves)
MR     .....                    K - +2 pair of boots
Stlth  ..........               (no amulet)
                                (no ring)
                                A - ring of positive energy

@: berserking, very quick
A: negative energy resistance 1, electricity resistance, unbreathing,
petrification resistance, rot immunity, AC +8
a: Berserk, Trog's Hand, Brothers in Arms, Burn Spellbooks, Renounce Religion


You were on level 2 of the Lair of Beasts.
You worshipped Trog.
Trog was extremely pleased with you.
You were hungry.

You visited 2 branches of the dungeon, and saw 12 of its levels.

You collected 795 gold pieces.

Inventory:

Hand Weapons
 a - a +0 war axe (weapon)
 z - a +0 shortbow of velocity
 G - a +0 hand axe
 Q - a +0 shortbow
Missiles
 f - 213 arrows (quivered)
Armour
 b - a +0 animal skin
 h - a +0 leather armour
 t - a +0 cloak (worn)
 x - a +0 ring mail
 H - a +0 scale mail (worn)
 K - a +2 pair of boots (worn)
Jewellery
 A - a ring of positive energy (left hand)
 P - an uncursed amulet of guardian spirit {unknown}
 V - a +6 ring of strength {unknown}
Wands
 R - a wand of disintegration (17/24)
Scrolls
 g - 5 scrolls of remove curse {unknown}
 i - 6 scrolls of amnesia {unknown}
 j - a scroll of recharging {unknown}
 k - 16 scrolls of identify {unknown}
 o - 8 scrolls of teleportation {unknown}
 q - 3 scrolls of fog {unknown}
 s - a scroll of blinking {unknown}
 u - 2 scrolls of immolation {unknown}
 v - a scroll of magic mapping {unknown}
 w - 2 scrolls of random uselessness {unknown}
 y - 2 scrolls of enchant weapon {unknown}
 E - a scroll of noise {unknown}
 F - 3 scrolls of enchant armour {unknown}
 L - a scroll of fear {unknown}
Potions
 d - 3 potions of mutation {unknown}
 e - 3 potions of agility {unknown}
 l - 5 potions of flight {unknown}
 m - 4 potions of berserk rage {unknown}
 p - 8 potions of curing {unknown}
 B - a potion of cure mutation {unknown}
 C - a potion of heal wounds
 J - 3 potions of resistance {unknown}
 N - a potion of cancellation {unknown}
 O - a potion of degeneration {unknown}
 U - a potion of haste {unknown}
 W - a potion of invisibility {unknown}
 X - a potion of might {unknown}
Books
 D - a book of Misfortune

   Spells                             Type                      Level
   a - Confusing Touch                Hexes                        1
   b - Confuse                        Hexes                        3
   c - Gell's Gravitas                Hexes/Translocation          3
   d - Petrify                        Transmutation/Earth          4
   e - Metabolic Englaciation         Hexes/Ice                    5
   f - Yara's Violent Unravelling     Hexes/Transmutation          5
   Trog disapproves of the use of such an item.
 M - a book of Callings

   Spells                             Type                      Level
   a - Summon Small Mammal            Summoning                    1
   b - Call Imp                       Summoning                    2
   c - Call Canine Familiar           Summoning                    3
   d - Summon Guardian Golem          Hexes/Summoning              3
   e - Summon Lightning Spire         Summoning/Air                4
   f - Summon Ice Beast               Ice/Summoning                4
   Trog disapproves of the use of such an item.
 S - a book of Misfortune

   Spells                             Type                      Level
   a - Confusing Touch                Hexes                        1
   b - Confuse                        Hexes                        3
   c - Gell's Gravitas                Hexes/Translocation          3
   d - Petrify                        Transmutation/Earth          4
   e - Metabolic Englaciation         Hexes/Ice                    5
   f - Yara's Violent Unravelling     Hexes/Transmutation          5
   Trog disapproves of the use of such an item.
Comestibles
 c - 6 bread rations
 n - 11 meat rations
 r - 20 fruits
 I - 6 beef jerkies
 T - 5 chunks of flesh


   Skills:
 + Level 11.2 Fighting
 + Level 9.6 Axes
 + Level 10.8 Armour
 + Level 8.6 Dodging


You had 11 spell levels left.
You didn't know any spells.

Dungeon Overview and Level Annotations

Branches:
Dungeon (10/15)            Temple (0/1) D:4            Lair (2/6) D:9
  Snake (0/4) Lair:2
  Swamp: Lair:2-4    Shoals: Lair:2-4       Orc: D:9-12

Altars:
Cheibriados
Yredelemnul

Shops:
D:6 !}%   D:8 =


Innate Abilities, Weirdness & Mutations

You are resistant to torment.
Your stone body is resilient. (AC +8)
You are immune to poison.
You resist negative energy. (rN+)
You are resistant to electric shocks. (rElec)
You can survive without breathing.
You are immune to petrification.
You are immune to rotting.


Message History

* * * LOW HITPOINT WARNING * * *
The eight-headed hydra bites you!
* * * LOW HITPOINT WARNING * * *
The eight-headed hydra bites you but does no damage. x2
The eight-headed hydra bites you.
* * * LOW HITPOINT WARNING * * *
The eight-headed hydra bites you but does no damage. x2
You chop one of the eight-headed hydra's heads off!
The seven-headed hydra grows two more!
You hit the nine-headed hydra.
The nine-headed hydra is moderately wounded.
You hack one of the nine-headed hydra's heads off!
The eight-headed hydra grows two more!
You slash the ten-headed hydra!
The ten-headed hydra is moderately wounded.
The ten-headed hydra completely misses you.
The ten-headed hydra bites you but does no damage.
The ten-headed hydra closely misses you.
The ten-headed hydra bites you!
* * * LOW HITPOINT WARNING * * *
The ten-headed hydra bites you!
You die...

>.............##..#...#
..............#..#.....
.....#........)........ .
....#.....P......#.....
..P..P##................. ....
#................. #...
#............#...# #...
#........#..#....# #.
#...##@#......#..##.... ##.
#..#..D#.....##..##..##
#.>##...(.(.......#..##....
###..###(.#......P##..##...#
.##...P.#...#(.....###...##..#
........(............#..# ##..
.......(....(........#.. #...
..........P..(.......#.. ####
...........(............ #


You could see a ten-headed hydra.

Vanquished Creatures
  The ghost of Ladykiller69 the Carver, a novice MiAK of Lugonu (D:10)
  The ghost of markt42 the Cleaver, a novice GrFi of Okawaru (D:9)
  5 spiny frogs
  A rime drake (Lair:2)
  2 komodo dragons (Lair:2)
  3 trolls (D:9)
  A hornet (D:8)
  5 hippogriffs
  Sigmund (D:5)
  A wyvern (D:9)
  Eustachio (D:5)
  3 basilisks
  13 yaks
  A steam dragon (D:10)
  2 hungry ghosts
  5 porcupines
  14 water moccasins
  An orc warrior (D:9)
  2 ice beasts (D:9)
  3 sky beasts
  2 black bears
  3 phantoms
  5 ogres
  3 centaurs
  7 crocodiles
  3 big kobolds
  10 bullfrogs
  2 wyvern zombies
  A gnoll sergeant (D:6)
  3 scorpions
  5 howler monkeys
  A crimson imp (D:6)
  A quasit (D:7)
  A centaur zombie (D:5)
  4 hounds
  2 bullfrog zombies
  3 jellies
  4 orc wizards
  4 orc priests
  3 bullfrog skeletons
  20 iguanas
  Terence (D:3)
  6 worker ants
  2 killer bee zombies
  2 hound skeletons
  A worker ant zombie (D:7)
  A howler monkey zombie (D:9)
  8 gnolls
  14 adders
  4 river rats (D:9)
  3 shadow imps
  2 oozes
  An adder zombie (D:7)
  3 adder skeletons
  4 worms
  A dart slug (D:2)
  A leopard gecko (D:4)
  19 orcs
  3 giant cockroaches
  6 goblins
  4 hobgoblins
  13 jackals
  3 quokkas
  3 ball pythons
  13 bats
  6 frilled lizards
  A jackal skeleton (D:5)
  19 kobolds
  A leopard gecko skeleton (D:4)
  13 rats
  A fungus (D:9)
  A plant (Lair:2)
313 creatures vanquished.

Vanquished Creatures (others)
  A bush (D:9)
  6 fungi
  3 plants (D:9)
10 creatures vanquished.

Grand Total: 323 creatures vanquished

Notes
Turn   | Place    | Note
-------+----------+-------------------------------------------
     0 | D:1      | nikopol the Gargoyle Berserker began the quest for the Orb.
     0 | D:1      | Reached XP level 1. HP: 14/14 MP: 1/1
    27 | D:1      | Reached XP level 2. HP: 9/19 MP: 2/2
   569 | D:1      | Reached XP level 3. HP: 23/23 MP: 3/3
   804 | D:1      | Reached ** piety under Trog
  1452 | D:2      | Reached XP level 4. HP: 26/29 MP: 4/4
  1637 | D:2      | Reached skill level 4 in Fighting
  1985 | D:2      | Reached XP level 5. HP: 29/33 MP: 5/5
  2481 | D:3      | Noticed Terence
  2489 | D:3      | Killed Terence
  3107 | D:4      | Found a staircase to the Ecumenical Temple.
  3199 | D:4      | Reached XP level 6. HP: 39/39 MP: 6/6
  3634 | D:5      | Entered Level 5 of the Dungeon
  3723 | D:5      | Reached skill level 5 in Fighting
  3958 | D:5      | Noticed a hungry ghost
  3988 | D:5      | Killed a hungry ghost
  3988 | D:5      | Reached XP level 7. HP: 37/44 MP: 7/7
  4043 | D:5      | Noticed Eustachio
  4073 | D:5      | Found a basalt altar of Yredelemnul.
  4708 | D:5      | Reached *** piety under Trog
  4984 | D:5      | Killed Eustachio
  5033 | D:5      | Reached skill level 5 in Armour
  5130 | D:5      | Reached XP level 8. HP: 47/51 MP: 8/8
  5217 | D:5      | Noticed Sigmund
  5225 | D:5      | Killed Sigmund
  5225 | D:5      | Reached skill level 6 in Fighting
  5225 | D:5      | Reached skill level 5 in Axes
  5488 | D:6      | Found Faohir's Food Shoppe.
  5508 | D:6      | Found Fetiugh's Gadget Shop.
  5925 | D:6      | Found a snail-covered altar of Cheibriados.
  6046 | D:6      | Found Tayssohy's Distillery.
  6690 | D:7      | Reached skill level 7 in Fighting
  6690 | D:7      | Reached XP level 9. HP: 53/57 MP: 9/9
  6740 | D:7      | Reached skill level 5 in Dodging
  7186 | D:7      | Reached **** piety under Trog
  8165 | D:8      | Noticed a hornet
  8189 | D:8      | Killed a hornet
  8459 | D:8      | Found Heruff's Jewellery Emporium.
  8483 | D:8      | Reached skill level 8 in Fighting
  8819 | D:9      | Reached XP level 10. HP: 60/64 MP: 10/10
  9275 | D:9      | Reached skill level 9 in Fighting
  9584 | D:9      | Found a staircase to the Lair.
  9963 | D:9      | Received a gift from Trog
  9999 | D:8      | Reached XP level 11. HP: 15/71 MP: 11/11
 10755 | D:9      | Reached ***** piety under Trog
 10860 | D:9      | Noticed markt42's ghost (novice GrFi)
 10881 | D:9      | Killed markt42's ghost
 11436 | D:10     | Entered Level 10 of the Dungeon
 11575 | D:10     | Noticed Ladykiller69's ghost (novice MiAK)
 11596 | D:10     | Killed Ladykiller69's ghost
 11596 | D:10     | Reached skill level 10 in Fighting
 12505 | Lair:1   | Entered Level 1 of the Lair of Beasts
 12627 | Lair:1   | Reached skill level 10 in Armour
 13968 | Lair:2   | Received a gift from Trog
 13993 | Lair:2   | Reached XP level 12. HP: 51/79 MP: 12/12
 14018 | Lair:2   | Found a staircase to the Snake Pit.
 14308 | Lair:2   | Reached skill level 11 in Fighting
 14821 | Lair:2   | Noticed an eight-headed hydra
 14822 | Lair:2   | Noticed a four-headed hydra
 15113 | Lair:2   | Noticed an eight-headed hydra
 15129 | Lair:2   | Slain by a ten-headed hydra

Skill      XL: |  1  2  3  4  5  6  7  8  9 10 11 12 |
---------------+-------------------------------------+-----
Axes           | 3 4 5 6 8 9 |  9.6
Dodging        | 2 3 4 6 7 8 |  8.6
Armour         | 3 4 5 6 7 9 10 | 10.8
Fighting       | 4 5 7 8 9 10 11 | 11.2

Action                   |  1- 3 |  4- 6 |  7- 9 | 10-12 || total
-------------------------+-------+-------+-------+-------++-------
Melee: Hand axe          |   112 |   214 |   337 |       ||   663
       War axe           |       |       |   165 |   620 ||   785
 Fire: Shortbow          |       |       |    50 |   224 ||   274
Invok: Berserk           |     2 |     3 |     7 |    10 ||    22
       Trog's Hand       |       |       |       |     1 ||     1
 Stab: Sleeping          |     2 |       |       |       ||     2
  Eat: Chunk             |     4 |     9 |    15 |    31 ||    59
       Bread ration      |       |     2 |     1 |       ||     3
       Beef jerky        |       |     1 |     1 |       ||     2
       Fruit             |       |       |     1 |       ||     1
Armor: Animal skin       |    35 |       |       |       ||    35
       Leather armour    |    31 |    35 |       |       ||    66
       Ring mail         |       |    59 |   222 |       ||   281
       Scale mail        |       |       |   109 |   380 ||   489
Dodge: Dodged            |   109 |   150 |   446 |   498 ||  1203
